AoeStats
← Djama

Arabian Desert

514028362Analyzed
1v1 RM · 19d ago on Oct 16, 2026· 30m 43s· 2 players
Game mode
Random Map
Map size
Tiny (2 player)
Population
200
Speed
Normal
Resources
Standard
Victory
Conquest
Starting age
Dark Age
Ending age
Imperial Age
RankedLock teamsTeams togetherTeam positionsShared explorationLock speedFull tech treeHidden civsTurbo modeCheats
Victory
Defeat
🇫🇷 Ethiopians · France
1313
+16
vs
🇩🇪 Huns · Germany
1322
-16
Djama
7:03 Loom
9:46 Feudal Age
13:04 Double-Bit Axe
13:22 Fletching
13:23 Horse Collar
22:13 Castle Age
20:36 Padded Archer Armor
22:21 Crossbowman
22:58 Bodkin Arrow
23:33 Bow Saw
23:25 Heavy Plow
28:34 Thumb Ring
Han.
7:35 Loom
9:47 Feudal Age
11:00 Double-Bit Axe
10:57 Horse Collar
16:02 Fletching
17:32 Town Watch
20:54 Castle Age
20:38 Padded Archer Armor
22:14 Heavy Plow
23:31 Bow Saw
23:31 Elite Skirmisher
28:07 Scale Barding Armor
28:20 Leather Archer Armor
28:29 Gold Mining
30:19 Bloodlines
30:44 Scale Barding Armor
Connection lost

Rejoining the realm…

Still unreachable

The connection could not be restored.

Session expired

The server has moved on; the page needs a fresh start.